 Dungeon Crawl Stone Soup version 0.22-a0-268-g1cc83ef (webtiles) character file.

4160 mhoghedin the Thaumaturge (level 10, -13/81 HPs)
             Began as a Gnoll Wanderer on Mar 9, 2018.
             Was a Follower of Sif Muna.
             Mangled by a two-headed ogre
             ... wielding a +0 giant club
              (26 damage)
             ... on level 8 of the Dungeon.
             The game lasted 00:21:55 (8508 turns).

mhoghedin the Thaumaturge (Gnoll Wanderer)          Turns: 8508, Time: 00:21:56

Health: -13/81     AC:  5    Str: 17    XL:     10   Next: 28%
Magic:  0/31       EV: 14    Int: 17    God:    Sif Muna [*.....]
Gold:   420        SH:  0    Dex: 13    Spells: 8/26 levels left

rFire    . . .     SeeInvis .   d - +6 shillelagh "Devastator" {shatter}
rCold    + . .     Gourm    .   (no shield)
rNeg     . . .     Faith    .   H - +2 robe {rC+}
rPois    .         Spirit   +   (no helmet)
rElec    .         Reflect  .   E - scarf {Spirit}
rCorr    .         Harm     .   n - +0 pair of gloves
MR       +....                  (no boots)
Stlth    +++.......             k - amulet of magic regeneration
HPRegen  0.23/turn              D - ring of protection from magic {MR+, !d}
MPRegen  0.47/turn              C - ring of magical power {MP+9}

@: very slightly contaminated, divine energy
A: distributed training, fangs 1, strong nose
a: Stop Divine Energy, Renounce Religion


You were on level 8 of the Dungeon.
You worshipped Sif Muna.
Sif Muna was aware of your devotion.
You were not hungry.

You visited 2 branches of the dungeon, and saw 9 of its levels.
You also visited: Ossuary.

You collected 681 gold pieces.
You spent 261 gold pieces at shops.

Inventory:

Hand Weapons
 d - the +6 shillelagh "Devastator" (weapon) {shatter}
   (You found it on level 7 of the Dungeon)
 B - a +3 dagger
   (You found it on level 4 of the Dungeon)
 F - a +0 falchion of protection
   (You found it on level 6 of the Dungeon)
 G - the +1 quarterstaff of the Morning {freeze, -Tele rN++ Str+4}
   (You bought it in a shop on level 6 of the Dungeon)

   It has been specially enchanted to freeze those struck by it, causing extra
   injury to most foes and up to half again as much damage against particularly
   susceptible opponents.
   It can also slow down cold-blooded creatures.
   It affects your strength (+4).
   It greatly protects you from negative energy.
   It prevents most forms of teleportation.
Armour
 c - a +0 buckler
 n - a +0 pair of gloves (worn)
   (You found it on level 2 of the Dungeon)
 E - a scarf of spirit shield (worn)
   (You acquired it on level 7 of the Dungeon)
 H - a +2 robe of cold resistance (worn)
   (You took it off a wight on level 7 of the Dungeon)
 J - the +2 ring mail "Iniomoph" {Int+5 SInv, unknown}
   (You took it off an orc on level 7 of the Dungeon)

   It affects your intelligence (+5).
   It lets you see invisible.
Jewellery
 b - an uncursed ring of positive energy {rN+}
   (You found it on level 6 of the Dungeon)
 k - an amulet of magic regeneration (around neck)
   (You found it on level 2 of the Dungeon)
 m - an uncursed ring of protection from cold {rC+, !d}
   (You took it off a hobgoblin on level 2 of the Dungeon)
 C - a ring of magical power (right hand) {MP+9}
   (You found it on level 5 of the Dungeon)
 D - a ring of protection from magic (left hand) {MR+, !d}
   (You found it on level 6 of the Dungeon)
Wands
 l - a wand of paralysis (8)
   (You took it off an orc on level 6 of the Dungeon)
 u - a wand of iceblast (12)
   (You found it on level 6 of the Dungeon)
Scrolls
 i - 3 scrolls of teleportation
 o - a scroll of magic mapping {unknown}
 p - 5 scrolls of enchant weapon
 q - 2 scrolls of blinking {unknown}
 r - 3 scrolls of amnesia
 t - 2 scrolls of remove curse
 w - a scroll of torment {!r}
 y - a scroll of immolation {!r}
 I - 3 scrolls of identify
Potions
 a - 3 potions of degeneration {unknown}
 e - 4 potions of lignification {!q}
 g - a potion of heal wounds {unknown}
 h - a potion of brilliance {unknown}
 j - 6 potions of curing {unknown}
 s - a potion of flight
 v - 2 potions of ambrosia {unknown}
 x - 4 potions of agility {unknown}
 z - a potion of magic {unknown}
 A - 2 potions of might {unknown}
Comestibles
 f - 8 rations


   Skills:
 + Level 8.3 Fighting
 + Level 5.0 Short Blades
 + Level 5.0 Long Blades
 + Level 5.0 Axes
 + Level 5.0 Maces & Flails
 + Level 5.0 Polearms
 + Level 5.0 Staves
 + Level 5.0 Slings
 + Level 5.0 Bows
 + Level 5.0 Crossbows
 + Level 5.0 Throwing
 + Level 5.0 Armour
 + Level 5.0 Dodging
 + Level 5.0 Stealth
 + Level 6.9 Shields
 + Level 5.0 Unarmed Combat
 + Level 8.8 Spellcasting
 + Level 4.1 Conjurations
 + Level 4.1 Hexes
 + Level 4.1 Charms
 + Level 4.1 Summonings
 + Level 4.1 Necromancy
 + Level 4.1 Translocations
 + Level 4.1 Transmutations
 + Level 4.7 Fire Magic
 + Level 4.1 Ice Magic
 + Level 4.1 Air Magic
 + Level 4.1 Earth Magic
 + Level 4.7 Poison Magic
 + Level 5.5 Invocations
 + Level 5.0 Evocations


You had 8 spell levels left.
You knew the following spells:

 Your Spells              Type           Power        Failure   Level  Hunger
a - Flame Tongue          Conj/Fire      ###..        1%          1    None
b - Inner Flame           Hex/Fire       ###.....     4%          3    None
c - Conjure Flame         Conj/Fire      ###.....     4%          3    None
f - Fireball              Conj/Fire      ###.......   38%         5    #####..
s - Sticky Flame          Conj/Fire      ###.....     16%         4    ###....
x - Throw Flame           Conj/Fire      ###...       2%          2    None


Dungeon Overview and Level Annotations

Branches:
Dungeon (8/15)             Temple (1/1) D:5
   Lair: D:8-11

Altars:
Ashenzari
Cheibriados
Dithmenos
Elyvilon
Fedhas
Gozag
Hepliaklqana
Kikubaaqudgha
Makhleb
Nemelex Xobeh
Okawaru
Qazlal
Ru
Sif Muna
Trog
Uskayaw
Vehumet
Wu Jian
Xom
Yredelemnul
Zin
The Shining One

Shops:
D:6 (   D:7 [


Innate Abilities, Weirdness & Mutations

Your experience applies equally to all skills.
You have very sharp teeth.
Your uncanny sense of smell can sniff out nearby items.


Message History

You eat one of the 9 rations.
That ration really hit the spot!
Welcome back, mhoghedin the Gnoll Wanderer.
Sif Muna whispers: I know many secrets...
Done exploring.
Done exploring.
(D) Dungeon (T) Temple
Where to? (? - help)
There is a stone staircase leading up here.
There is a stone staircase leading down here.
You climb downwards.
There is a stone staircase leading up here.
A crimson imp comes into view.
A crimson imp is nearby!
A jelly comes into view.
Found a stone staircase leading down.
The jelly quivers.
The crimson imp shouts!
You hear a bark!
You sock the crimson imp!
The crimson imp shudders.
You hear an angry hiss.
You hear two shouts!
The crimson imp hits you but does no damage.
A hell hound comes into view.
You barely miss the crimson imp.
The crimson imp blinks!
A hell hound comes into view.
The jelly hits you but does no damage. The hell hound breathes flames at you.
The blast of flame hits you!
You take 15 damage, and have 66/81 hp.
You now have 24/31 mp.
You hit the jelly.
The jelly shudders.
Your hands burn!
The jelly misses you.
A two-headed ogre comes into view. It is wielding two giant clubs.
You take 2 damage, and have 64/81 hp.
You now have 23/31 mp.
The jelly barely misses you. The jelly closely misses you.
The hell hound barely misses you.
The hell hound bites you but does no damage.
The crimson imp blinks!
You hit the hell hound.
The hell hound and the jelly shudder.
The hell hound misses you.
You hit the hell hound.
The hell hound and the jelly shudder.
The hell hound misses you. x2
You closely miss the hell hound. The hell hound bites you. x2
You take 4 damage, and have 62/81 hp.
You now have 26/31 mp.
You hit the hell hound.
The hell hound and the jelly shudder.
You kill the hell hound!
Sif Muna accepts your kill.
You kill the jelly!
Sif Muna accepts your kill.
You miss the hell hound. The hell hound bites you.
The hell hound closely misses you.
You take 2 damage, and have 60/81 hp.
You now have 26/31 mp.
You miss the hell hound. The hell hound bites you!
The crimson imp blinks!
You take 5 damage, and have 55/81 hp.
You now have 25/31 mp.
You hit the hell hound.
The hell hound and the two-headed ogre shudder.
Your bite misses the hell hound. The hell hound closely misses you.
The crimson imp grins evilly.
The hell hound bites you!
You take 5 damage, and have 50/81 hp.
You now have 23/31 mp.
You barely miss the hell hound. The hell hound closely misses you.
You barely miss the hell hound. Your bite misses the hell hound.
The hell hound breathes flames at you. The blast of flame hits you!
The hell hound closely misses you.
A hound zombie comes into view.
You take 8 damage, and have 42/81 hp.
You now have 21/31 mp.
You barely miss the hell hound. Your punch misses the hell hound.
The hell hound bites you!
The crimson imp lashes its tail.
You take 5 damage, and have 37/81 hp.
You now have 19/31 mp.
You hit the hell hound.
The hell hound and the two-headed ogre shudder.
The hell hound closely misses you. x2
You closely miss the hell hound. The hell hound bites you.
You take 1 damage, and have 37/81 hp.
You now have 18/31 mp.
You hit the hell hound.
The hell hound and the two-headed ogre shudder.
You kill the hell hound!
Sif Muna accepts your kill.
The crimson imp blinks!
You barely miss the two-headed ogre.
The two-headed ogre hits you with a giant club!!
* * * LOW HITPOINT WARNING * * *
The two-headed ogre barely misses you.
You take 20 damage, and have 17/81 hp.
MASSIVE DAMAGE!!
You now have 9/31 mp.
Aim: a two-headed ogre, wielding two giant clubs (heavily wounded)
You miscast Sticky Flame.
You are very lightly contaminated with residual magic.
The air around you burns with energy! The two-headed ogre closely misses you.
The two-headed ogre hits you with a giant club!
* * * LOW HITPOINT WARNING * * *
You take 4 damage, and have 13/81 hp.
You now have 4/31 mp.
Aim: a two-headed ogre, wielding two giant clubs (heavily wounded)
The sticky flame hits the two-headed ogre.
The two-headed ogre is covered in liquid flames!
The two-headed ogre burns!
The two-headed ogre hits you with a giant club!!
You die...

##..#.#.#
#.###.....#
#......##.#
######.# .#
#.# # #5#
#Z# #O#
#@### #..<#
#.### ###


You could see a two-headed ogre (burning), a crimson imp and a hound zombie.

Vanquished Creatures
  A two-headed ogre (D:5)
  A hippogriff (D:7)
  A spriggan (D:7)
  2 hell hounds (D:8)
  An orc warrior (D:6)
  2 sky beasts (D:6)
  An ice beast (D:3)
  4 phantoms
  4 ogres
  A centaur (D:6)
  A crocodile (D:7)
  A big kobold (D:7)
  4 bullfrogs
  2 scorpions
  4 wights (D:7)
  5 howler monkeys
  2 crimson imps (D:5)
  2 hounds
  8 jellies
  3 orc wizards
  An iguana (D:7)
  4 worker ants
  A big kobold zombie (Ossuary)
  A hound zombie (D:7)
  A hound skeleton (D:6)
  8 mummies (Ossuary)
  3 gnolls (D:7)
  A worker ant zombie (D:6)
  4 adders
  11 oozes
  An adder zombie (D:7)
  An adder skeleton (D:5)
  A worm (D:5)
  2 dart slugs
  6 leopard geckos
  34 orcs
  7 bats
  4 giant cockroaches
  A gnoll zombie (Ossuary)
  6 goblins
  6 hobgoblins
  4 jackals
  A quokka (D:4)
  4 ball pythons
  5 frilled lizards
  2 hobgoblin zombies (Ossuary)
  20 kobolds
  4 kobold zombies (Ossuary)
  A leopard gecko skeleton (D:5)
  A leopard gecko zombie (D:6)
  3 quokka skeletons
  7 rats
206 creatures vanquished.

Vanquished Creatures (others)
  An orc priest (D:6)
  An orc (D:6)
  3 fungi (D:4)
  A plant (D:3)
  5 toadstools (D:4)
11 creatures vanquished.

Grand Total: 217 creatures vanquished

Notes
Turn   | Place    | Note
-------+----------+-------------------------------------------
     0 | D:1      | mhoghedin the Gnoll Wanderer began the quest for the Orb.
     0 | D:1      | mhoghedin set off with: a +0 spear, a +0 buckler, a +0 robe, a ration
     0 | D:1      | Reached XP level 1. HP: 23/23 MP: 8/8
     2 | D:1      | Learned a level 1 spell: Flame Tongue
    37 | D:1      | Reached skill level 2 in Fire Magic
    37 | D:1      | Reached skill level 2 in Poison Magic
    97 | D:1      | Reached XP level 2. HP: 29/29 MP: 5/10
   277 | D:1      | Learned a level 2 spell: Throw Flame
   489 | D:1      | Reached XP level 3. HP: 35/35 MP: 11/11
  1122 | D:2      | Reached skill level 1 in Invocations
  1745 | D:2      | Learned a level 3 spell: Conjure Flame
  1749 | D:2      | Learned a level 3 spell: Inner Flame
  2179 | D:3      | Noticed a crocodile
  2188 | D:3      | Reached skill level 1 in Short Blades
  2188 | D:3      | Reached skill level 1 in Long Blades
  2188 | D:3      | Reached skill level 1 in Axes
  2188 | D:3      | Reached skill level 1 in Maces & Flails
  2188 | D:3      | Reached skill level 1 in Polearms
  2188 | D:3      | Reached skill level 1 in Staves
  2188 | D:3      | Reached skill level 1 in Slings
  2188 | D:3      | Reached skill level 1 in Bows
  2188 | D:3      | Reached skill level 1 in Crossbows
  2188 | D:3      | Reached skill level 1 in Throwing
  2188 | D:3      | Reached skill level 1 in Armour
  2188 | D:3      | Reached skill level 1 in Dodging
  2188 | D:3      | Reached skill level 1 in Stealth
  2188 | D:3      | Reached skill level 1 in Unarmed Combat
  2188 | D:3      | Reached skill level 1 in Evocations
  2285 | D:3      | Reached XP level 4. HP: 41/41 MP: 4/13
  2452 | D:3      | Noticed an ice beast
  2463 | D:3      | Killed an ice beast
  2463 | D:3      | Reached skill level 1 in Conjurations
  2463 | D:3      | Reached skill level 1 in Hexes
  2463 | D:3      | Reached skill level 1 in Charms
  2463 | D:3      | Reached skill level 1 in Summonings
  2463 | D:3      | Reached skill level 1 in Necromancy
  2463 | D:3      | Reached skill level 1 in Translocations
  2463 | D:3      | Reached skill level 1 in Transmutations
  2463 | D:3      | Reached skill level 1 in Ice Magic
  2463 | D:3      | Reached skill level 1 in Air Magic
  2463 | D:3      | Reached skill level 1 in Earth Magic
  2463 | D:3      | Reached XP level 5. HP: 47/47 MP: 4/14
  2492 | D:3      | Learned a level 4 spell: Sticky Flame
  2498 | D:3      | Learned a level 5 spell: Fireball
  3004 | D:4      | Noticed an ogre
  3010 | D:4      | Killed an ogre
  3010 | D:4      | Reached skill level 2 in Invocations
  3010 | D:4      | Reached XP level 6. HP: 53/53 MP: 8/16
  3266 | D:4      | Found a sand-covered staircase.
  3273 | Ossuary  | Entered an ossuary
  3471 | Ossuary  | Reached skill level 5 in Shields
  3495 | Ossuary  | Reached skill level 2 in Short Blades
  3495 | Ossuary  | Reached skill level 2 in Long Blades
  3495 | Ossuary  | Reached skill level 2 in Axes
  3495 | Ossuary  | Reached skill level 2 in Maces & Flails
  3495 | Ossuary  | Reached skill level 2 in Polearms
  3495 | Ossuary  | Reached skill level 2 in Staves
  3495 | Ossuary  | Reached skill level 2 in Slings
  3495 | Ossuary  | Reached skill level 2 in Bows
  3495 | Ossuary  | Reached skill level 2 in Crossbows
  3495 | Ossuary  | Reached skill level 2 in Throwing
  3495 | Ossuary  | Reached skill level 2 in Armour
  3495 | Ossuary  | Reached skill level 2 in Dodging
  3495 | Ossuary  | Reached skill level 2 in Stealth
  3495 | Ossuary  | Reached skill level 2 in Unarmed Combat
  3495 | Ossuary  | Reached skill level 2 in Evocations
  3788 | D:4      | Noticed a phantom
  3812 | D:4      | Killed a phantom
  3812 | D:4      | Reached XP level 7. HP: 59/59 MP: 10/18
  4236 | D:4      | Reached skill level 7 in Fighting
  4312 | D:4      | Reached skill level 2 in Conjurations
  4312 | D:4      | Reached skill level 2 in Hexes
  4312 | D:4      | Reached skill level 2 in Charms
  4312 | D:4      | Reached skill level 2 in Summonings
  4312 | D:4      | Reached skill level 2 in Necromancy
  4312 | D:4      | Reached skill level 2 in Translocations
  4312 | D:4      | Reached skill level 2 in Transmutations
  4312 | D:4      | Reached skill level 2 in Ice Magic
  4312 | D:4      | Reached skill level 2 in Air Magic
  4312 | D:4      | Reached skill level 2 in Earth Magic
  4325 | D:4      | Reached skill level 3 in Fire Magic
  4325 | D:4      | Reached skill level 3 in Poison Magic
  4439 | D:5      | Entered Level 5 of the Dungeon
  4569 | D:5      | Reached skill level 3 in Invocations
  4732 | D:5      | Reached XP level 8. HP: 51/67 MP: 8/19
  4875 | D:5      | Noticed a two-headed ogre
  4890 | D:5      | Killed a two-headed ogre
  4890 | D:5      | Reached skill level 3 in Short Blades
  4890 | D:5      | Reached skill level 3 in Long Blades
  4890 | D:5      | Reached skill level 3 in Axes
  4890 | D:5      | Reached skill level 3 in Maces & Flails
  4890 | D:5      | Reached skill level 3 in Polearms
  4890 | D:5      | Reached skill level 3 in Staves
  4890 | D:5      | Reached skill level 3 in Slings
  4890 | D:5      | Reached skill level 3 in Bows
  4890 | D:5      | Reached skill level 3 in Crossbows
  4890 | D:5      | Reached skill level 3 in Throwing
  4890 | D:5      | Reached skill level 3 in Armour
  4890 | D:5      | Reached skill level 3 in Dodging
  4890 | D:5      | Reached skill level 3 in Stealth
  4890 | D:5      | Reached skill level 3 in Unarmed Combat
  4890 | D:5      | Reached skill level 8 in Spellcasting
  4890 | D:5      | Reached skill level 3 in Evocations
  4896 | D:5      | Reached skill level 4 in Invocations
  4900 | D:5      | Reached skill level 3 in Conjurations
  4900 | D:5      | Reached skill level 3 in Hexes
  4900 | D:5      | Reached skill level 3 in Charms
  4900 | D:5      | Reached skill level 3 in Summonings
  4900 | D:5      | Reached skill level 3 in Necromancy
  4900 | D:5      | Reached skill level 3 in Translocations
  4900 | D:5      | Reached skill level 3 in Transmutations
  4900 | D:5      | Reached skill level 3 in Ice Magic
  4900 | D:5      | Reached skill level 3 in Air Magic
  4900 | D:5      | Reached skill level 3 in Earth Magic
  5143 | D:5      | Found a staircase to the Ecumenical Temple.
  5154 | Temple   | Entered the Ecumenical Temple
  5408 | Temple   | Became a worshipper of Sif Muna the Loreminder
  5787 | D:5      | Reached XP level 9. HP: 72/72 MP: 21/21
  5805 | D:5      | Reached skill level 6 in Shields
  5893 | D:6      | Found Qaunwum's Antique Weapon Emporium.
  5938 | D:6      | HP: 18/73 [orc/club (2)]
  6226 | D:6      | Reached skill level 4 in Short Blades
  6226 | D:6      | Reached skill level 4 in Long Blades
  6226 | D:6      | Reached skill level 4 in Axes
  6226 | D:6      | Reached skill level 4 in Maces & Flails
  6226 | D:6      | Reached skill level 4 in Polearms
  6226 | D:6      | Reached skill level 4 in Staves
  6226 | D:6      | Reached skill level 4 in Slings
  6226 | D:6      | Reached skill level 4 in Bows
  6226 | D:6      | Reached skill level 4 in Crossbows
  6226 | D:6      | Reached skill level 4 in Throwing
  6226 | D:6      | Reached skill level 4 in Armour
  6226 | D:6      | Reached skill level 4 in Dodging
  6226 | D:6      | Reached skill level 4 in Stealth
  6226 | D:6      | Reached skill level 4 in Unarmed Combat
  6226 | D:6      | Reached skill level 4 in Fire Magic
  6226 | D:6      | Reached skill level 4 in Poison Magic
  6226 | D:6      | Reached skill level 4 in Evocations
  6607 | D:6      | Paralysed by an orc for 2 turns
  6836 | D:6      | Bought a polished quarterstaff for 261 gold pieces
  6841 | D:6      | Identified the cursed +1 quarterstaff of the Morning {freeze, -Tele rN++ Str+4} (You bought it in a shop on level 6 of the Dungeon)
  7142 | D:7      | Reached * piety under Sif Muna
  7182 | D:7      | Reached skill level 8 in Fighting
  7227 | D:7      | Reached skill level 5 in Invocations
  7570 | D:7      | Found the +6 shillelagh "Devastator" {shatter}
  7622 | D:7      | Reached XP level 10. HP: 80/80 MP: 22/22
  7670 | D:7      | Found Erielu Saeti's Antique Armour Shop.
  7743 | D:7      | Reached skill level 4 in Conjurations
  7743 | D:7      | Reached skill level 4 in Hexes
  7743 | D:7      | Reached skill level 4 in Charms
  7743 | D:7      | Reached skill level 4 in Summonings
  7743 | D:7      | Reached skill level 4 in Necromancy
  7743 | D:7      | Reached skill level 4 in Translocations
  7743 | D:7      | Reached skill level 4 in Transmutations
  7743 | D:7      | Reached skill level 4 in Ice Magic
  7743 | D:7      | Reached skill level 4 in Air Magic
  7743 | D:7      | Reached skill level 4 in Earth Magic
  7832 | D:7      | Got a heavily runed ring mail
  7839 | D:7      | Identified a scroll of acquirement
  8003 | D:7      | Found a blossoming altar of Fedhas.
  8384 | D:7      | Reached skill level 5 in Short Blades
  8384 | D:7      | Reached skill level 5 in Long Blades
  8384 | D:7      | Reached skill level 5 in Axes
  8384 | D:7      | Reached skill level 5 in Maces & Flails
  8384 | D:7      | Reached skill level 5 in Polearms
  8384 | D:7      | Reached skill level 5 in Staves
  8384 | D:7      | Reached skill level 5 in Slings
  8384 | D:7      | Reached skill level 5 in Bows
  8384 | D:7      | Reached skill level 5 in Crossbows
  8384 | D:7      | Reached skill level 5 in Throwing
  8384 | D:7      | Reached skill level 5 in Armour
  8384 | D:7      | Reached skill level 5 in Dodging
  8384 | D:7      | Reached skill level 5 in Stealth
  8384 | D:7      | Reached skill level 5 in Unarmed Combat
  8384 | D:7      | Reached skill level 5 in Evocations
  8484 | D:8      | Noticed a two-headed ogre
  8506 | D:8      | HP: 17/81 [two-headed ogre/giant club (20)]
  8508 | D:8      | Mangled by a two-headed ogre

Vault maps used:
D:1:      erik_arrival_blinker_ship
D:2:      mumra_celtic_spiral_tile
D:3:      serial_forest, infiniplex_forest_end_1, infiniplex_forest_straight_2,
          infiniplex_forest_zigzag_1, infiniplex_forest_pool,
          infiniplex_forest_straight_5, infiniplex_forest_lined_room_3,
          minmay_liquid_box, minmay_crystal_room, lightli_corner_chamber
D:4:      cheibrodos_fertilizer, chequers_ossuary_entry_cave
D:5:      minmay_temple_entry_large_hall, first_ration
D:6:      serial_shops, shop
D:7:      kennysheep_little_box, serial_shops, shop, the_bakery
D:8:      minmay_lair_entry_lava, serial_shops, shop, uniq_psyche
Temple:   minmay_crystal_snake_temple
Ossuary:  ossuary_tomb_3

Skill      XL: |  1  2  3  4  5  6  7  8  9 10 |
---------------+-------------------------------+-----
Fire Magic     | 2 3 4 |  4.7
Poison Magic   | 2 3 4 |  4.7
Invocations    | 1 2 3 4 5 |  5.5
Short Blades   | 1 2 3 4 5 |  5.0
Long Blades    | 1 2 3 4 5 |  5.0
Axes           | 1 2 3 4 5 |  5.0
Maces & Flails | 1 2 3 4 5 |  5.0
Polearms       | 1 2 3 4 5 |  5.0
Staves         | 1 2 3 4 5 |  5.0
Slings         | 1 2 3 4 5 |  5.0
Bows           | 1 2 3 4 5 |  5.0
Crossbows      | 1 2 3 4 5 |  5.0
Throwing       | 1 2 3 4 5 |  5.0
Armour         | 1 2 3 4 5 |  5.0
Dodging        | 1 2 3 4 5 |  5.0
Stealth        | 1 2 3 4 5 |  5.0
Unarmed Combat | 1 2 3 4 5 |  5.0
Evocations     | 1 2 3 4 5 |  5.0
Conjurations   | 1 2 3 4 |  4.1
Hexes          | 1 2 3 4 |  4.1
Charms         | 1 2 3 4 |  4.1
Summonings     | 1 2 3 4 |  4.1
Necromancy     | 1 2 3 4 |  4.1
Translocations | 1 2 3 4 |  4.1
Transmutations | 1 2 3 4 |  4.1
Ice Magic      | 1 2 3 4 |  4.1
Air Magic      | 1 2 3 4 |  4.1
Earth Magic    | 1 2 3 4 |  4.1
Shields        | 5 6 |  6.9
Fighting       | 7 8 |  8.3
Spellcasting   | 8 |  8.8

Action                   |  1- 3 |  4- 6 |  7- 9 | 10-12 || total
-------------------------+-------+-------+-------+-------++-------
Melee: Spear             |    74 |    28 |       |       ||   102
       Bite              |     2 |     1 |    35 |     8 ||    46
       Dagger            |       |       |   218 |       ||   218
       Quarterstaff      |       |       |    37 |       ||    37
       Shillelagh        |       |       |    11 |    62 ||    73
       Punch             |       |       |       |     1 ||     1
 Cast: Flame Tongue      |    20 |    37 |    76 |       ||   133
       Throw Flame       |    24 |    45 |    26 |     2 ||    97
       Inner Flame       |       |     3 |       |       ||     3
       Sticky Flame      |       |       |    19 |     1 ||    20
       Conjure Flame     |       |       |     2 |       ||     2
Invok: Divine Energy     |       |       |     1 |       ||     1
Evoke: Wand              |       |       |     2 |       ||     2
  Use: Scroll            |     4 |     5 |     3 |     2 ||    14
 Stab: Sleeping          |     4 |       |    13 |     2 ||    19
  Eat: Chunk             |     3 |       |       |     2 ||     5
       Ration            |     1 |     1 |     4 |     1 ||     7
Armor: Robe              |     4 |     5 |    30 |    11 ||    50
Dodge: Dodged            |    23 |    20 |   157 |    38 ||   238
Block: Buckler           |    11 |    14 |    56 |       ||    81

Table legend:
 A = Spawn XP
 B = Non-spawn XP
 C = Spawn XP percentage of total XP
 D = Spawn monster count
 E = Non-spawn monster count
 F = Spawn count percentage of total count
 G = Total turns spent on level
                    A         B        C        D         E        F      G
               +---------+---------+-------+---------+---------+-------+---------
         Total |       0 |    5943 |   0.0 |       0 |     207 |   0.0 |  8508
               +---------+---------+-------+---------+---------+-------+---------
           D:1 |       0 |      50 |   0.0 |       0 |      26 |   0.0 |   906
           D:2 |       0 |      16 |   0.0 |       0 |       9 |   0.0 |  1115
           D:3 |       0 |     178 |   0.0 |       0 |      23 |   0.0 |   905
           D:4 |       0 |     474 |   0.0 |       0 |      35 |   0.0 |  1027
           D:5 |       0 |    1536 |   0.0 |       0 |      26 |   0.0 |  1425
           D:6 |       0 |    1156 |   0.0 |       0 |      28 |   0.0 |   991
           D:7 |       0 |    2003 |   0.0 |       0 |      41 |   0.0 |  1328
           D:8 |       0 |     353 |   0.0 |       0 |       3 |   0.0 |    43
       Ossuary |       0 |     177 |   0.0 |       0 |      16 |   0.0 |   486
               +---------+---------+-------+---------+---------+-------+---------

Vault maps used:
D:1:      erik_arrival_blinker_ship
D:2:      mumra_celtic_spiral_tile
D:3:      serial_forest, infiniplex_forest_end_1, infiniplex_forest_straight_2,
          infiniplex_forest_zigzag_1, infiniplex_forest_pool,
          infiniplex_forest_straight_5, infiniplex_forest_lined_room_3,
          minmay_liquid_box, minmay_crystal_room, lightli_corner_chamber
D:4:      cheibrodos_fertilizer, chequers_ossuary_entry_cave
D:5:      minmay_temple_entry_large_hall, first_ration
D:6:      serial_shops, shop
D:7:      kennysheep_little_box, serial_shops, shop, the_bakery
D:8:      minmay_lair_entry_lava, serial_shops, shop, uniq_psyche
Temple:   minmay_crystal_snake_temple
Ossuary:  ossuary_tomb_3

Table legend:
 A = Turns spent in this place as a percentage of turns spent in the entire game.
 B = Non-inter-level travel turns spent in this place as a percentage of non-inter-level travel turns spent in the entire game.
 C = Inter-level travel turns spent in this place as a percentage of turns spent in this place.
 D = Turns resting spent in this place as a percentage of non-inter-level travel turns spent in this place.
 E = Turns spent auto-exploring this place as a percentage of non-inter-level travel turns spent in this place.
 F = Non-inter-level travel turns spent in this place divided by the number of levels of this place that you've seen.
                   A       B       C       D       E      F
               +-------+-------+-------+-------+-------+----------------------
         Total | 100.0 | 100.0 |   6.3 |  19.8 |  59.3 | 797.5
       Dungeon |  91.0 |  91.6 |   5.7 |  18.6 |  60.8 | 912.8
        Temple |   3.3 |   2.3 |  33.7 |   0.0 |  97.3 | 187.0
       Ossuary |   5.7 |   6.1 |   0.0 |  45.3 |  21.2 | 486.0
               +-------+-------+-------+-------+-------+----------------------

Table legend:
 A = Kills in this place as a percentage of kills in entire the game.
 B = Kills by you in this place as a percentage of kills by you in the entire game.
 C = Kills by friends in this place as a percentage of kills by friends in the entire game.
 D = Other kills in this place as a percentage of other kills in the entire game.
 E = Experience gained in this place as a percentage of experience gained in the entire game.
 F = Experience gained in this place divided by the number of levels of this place that you have seen.
                   A       B       C       D       E      F
               +-------+-------+-------+-------+-------+----------------------
         Total | 100.0 | 100.0 |   N/A | 100.0 | 100.0 | 594.3
       Dungeon |  92.3 |  92.2 |   N/A | 100.0 |  97.0 | 720.8
       Ossuary |   7.7 |   7.8 |   N/A |   0.0 |   3.0 | 177.0
               +-------+-------+-------+-------+-------+----------------------
